 Dungeon Crawl Stone Soup version 0.24-a0-67-ga78bd38 (webtiles) character file.

Game seed: 18105137633334176903

107687 Danu the Warrior (level 16, -6/138 HPs)
             Began as a Barachi Berserker on Feb 3, 2019.
             Was a High Priest of Trog.
             Mangled by a wolf spider (17 damage)
             ... on level 3 of the Spider Nest on Feb 5, 2019.
             The game lasted 03:19:40 (29894 turns).

Danu the Warrior (Barachi Berserker)               Turns: 29894, Time: 03:19:44

Health: -6/138     AC: 10    Str: 17    XL:     16   Next: 47%
Magic:  23/23      EV: 10    Int:  5    God:    Trog [*****.]
Gold:   339        SH:  0    Dex: 13    Spells: 15/15 levels left

rFire    + + .     SeeInvis .   h - +1 demon whip (slash)
rCold    + . .     Gourm    .   q - +0 shield
rNeg     . . .     Faith    .   H - +0 leather armour {rPois}
rPois    +         Spirit   .   u - +2 hat
rElec    +         Reflect  +   w - +0 cloak
rCorr    +         Harm     .   x - +2 pair of gloves {archery}
MR       ++...     Rnd*Rage +   i - +0 pair of boots
Stlth    +.........             D - +4 amulet of reflection
HPRegen  0.33/turn              A - ring of protection from magic
MPRegen  0.18/turn              I - ring of protection from fire

@: lethally poisoned (-6 -> -69), resistant, can't hop, berserk cooldown, held,
slowed, very slow
A: +LOS, swims, berserk 3, blurry vision 1, clumsy 1, deformed body, dopey 2,
low mp 1, screaming 2, slowness 1, weak 2, subdued magic 1, strong legs 2
a: Hop, Berserk, Trog's Hand, Brothers in Arms, Renounce Religion


You were on level 3 of the Spider Nest.
You worshipped Trog.
Trog was extremely pleased with you.
You were very hungry.

You visited 5 branches of the dungeon, and saw 25 of its levels.
You visited 1 bazaar.
You also visited: Volcano.

You collected 2781 gold pieces.
You spent 2442 gold pieces at shops.

Inventory:

Hand Weapons
 g - a +4 flail of holy wrath
 h - a +1 demon whip of slashing (weapon)
 M - a +4 antimagic morningstar
 N - the +0 hand crossbow of Wariness {flame, -Tele rC++}
   (You bought it in a shop in a bazaar)

   It causes projectiles fired from it to burn those they strike, causing extra
   injury to most foes and up to half again as much damage against particularly
   susceptible opponents.
   It greatly protects you from cold.
   It prevents most forms of teleportation.
Missiles
 d - 11 javelins of penetration
 K - 11 javelins of returning
Armour
 i - a +0 pair of boots (worn)
 q - a +0 shield (worn)
 u - a +2 hat (worn)
 w - a +0 cloak (worn)
 x - a +2 pair of gloves of archery (worn)
 F - the +15 Maxwell's patent armour {-Cast -Tele rElec MR+ rCorr}
   (You found it on level 6 of the Lair of Beasts)

   It insulates you from electricity.
   It affects your resistance to hostile enchantments.
   It prevents spellcasting.
   It prevents most forms of teleportation.
   It provides partial protection from all sources of acid and corrosion.
 H - a +0 leather armour of poison resistance (worn)
Jewellery
 A - a ring of protection from magic (left hand)
 D - a +4 amulet of reflection (around neck)
 G - an uncursed ring of protection from cold
 I - a ring of protection from fire (right hand)
Wands
 a - a wand of clouds (2)
 b - a wand of flame (16)
 t - a wand of digging (5)
 J - a wand of iceblast (7)
 Q - a wand of disintegration (12)
Scrolls
 e - 14 scrolls of identify
 f - 11 scrolls of teleportation
 k - 8 scrolls of remove curse
 v - a scroll of fear
 y - a scroll of brand weapon
 L - 2 scrolls of magic mapping
 R - a scroll of enchant armour
 S - 3 scrolls of fog
Potions
 j - 4 potions of cancellation
 l - 3 potions of resistance
 m - 2 potions of haste
 n - 5 potions of curing
 o - 3 potions of ambrosia
 p - a potion of flight
 r - 2 potions of might
 s - a potion of agility
 z - a potion of brilliance
 B - 3 potions of heal wounds
 O - a potion of magic {unknown}
 P - a potion of invisibility {unknown}
Miscellaneous
 C - a phantom mirror
 E - a fan of gales
Comestibles
 c - 11 rations


   Skills:
 - Level 16.0 Fighting
 - Level 14.0 Maces & Flails
 + Level 5.8 Armour
 - Level 13.0 Dodging
 - Level 15.0 Shields
 - Level 13.0 Evocations


You had 15 spell levels left.
You didn't know any spells.
Your spell library was empty.

Dungeon Overview and Level Annotations

Branches:
Dungeon (13/15)            Temple (0/1) D:5            Lair (6/6) D:11
 Shoals (0/4) Lair:2       Spider (3/4) Lair:4        Slime (1/5) Lair:5
    Orc (2/2) D:12            Elf (0/3) Orc:2        Vaults (0/5) D:13

Altars:
Cheibriados
Elyvilon
Fedhas
Gozag
Hepliaklqana
Makhleb
Nemelex Xobeh
Trog
Xom
Zin
Beogh
Jiyva

Shops:
D:5 (   D:6 [   D:13 !   Orc:2 :[[?

Annotations:
Lair:1 2 transporters, howech's ghost, journeyman DDFi
Spider:3 Arachne


Innate Abilities, Weirdness & Mutations

Shadows flee at your approach. (+LOS)
You can swim through water.
You cover ground slowly.
You can hop long distances.
You have an uncontrollable temper.
Scrolls take you a little longer to read.
You are clumsy. (Dex -2)
Armour fits poorly on your strangely shaped body.
You are very dopey. (Int -4)
Your magical capacity is low. (-10% MP)
You sometimes yell uncontrollably at your foes.
You are very weak. (Str -4)
Your spells are a little easier to cast, but a little less powerful.


Message History

Arachne's staff shoots out a stream of webbing.
The stream of webbing hits you but does no damage.
You are caught in a web!
The redback closely misses you. The redback bites you.
* * * LOW HITPOINT WARNING * * *
You are poisoned.
The redback poisons you!
An orb spider comes into view.
Really read with blurry vision while enemies are nearby?
* * * LOW HITPOINT WARNING * * *
You feel sick.
The orb spider hisses angrily.
You hear a hideous shriek!
The redback closely misses you.
You begin reading the scroll.
You continue reading the scroll.
* * * LOW HITPOINT WARNING * * *
You feel very sick. The redback bites you!
* * * LOW HITPOINT WARNING * * *
You are more poisoned.
The redback poisons you! The wolf spider hits you!
You die...

# #^#(#(# # #.
###.#[#=#.## ...
...#.^.#^.. .#..
#...^...... ....
^.......[.
#.%###s.s....#
#.(^......##..
######s.........
#.@s.ss<#...#...
#.ss###.#.#[# .
.s.#..H$#^# # #
#.........(#..
##.##...^..(...
# #...##.......
.#.. ..#..#..
.^..# .....#...
..... #...#? ...


You could see Arachne, a wolf spider, 3 orb spiders and 3 redbacks.

Vanquished Creatures
  Rupert (Lair:4)
  An acid blob (Slime:1)
  An emperor scorpion (Spider:2)
  A spark wasp (Spider:1)
  A fire dragon (Lair:6)
  2 great orbs of eyes (Slime:1)
  4 hydras
  4 vault guards (D:13)
  Fannar (D:11)
  A catoblepas (D:13)
  A merfolk avatar (Lair:6)
  An ogre mage (D:13)
  An alligator (Lair:6)
  8 two-headed ogres
  A tengu warrior (D:13)
  A dancing weapon (D:12)
  A queen ant (Lair:2)
  An orc high priest (Orc:2)
  6 death yaks (Lair:5)
  3 unseen horrors
  A salamander mystic (Volcano)
  A sea snake (Lair:6)
  A wizard (D:13)
  5 orc knights
  A necromancer (D:10)
  A deep elf mage (D:12)
  An oklob plant (Lair:2)
  2 shining eyes (Slime:1)
  3 wolf spiders
  5 orc sorcerers
  An ugly thing (D:11)
  4 orb spiders
  A salamander (Volcano)
  2 cyclopes
  4 manticores
  2 elephants (Lair:6)
  A merfolk siren (Lair:2)
  5 black mambas
  Maurice (D:11)
  2 centaur zombies
  2 gargoyles (D:13)
  8 spiny frogs
  13 komodo dragons
  A kobold demonologist (D:12)
  15 rime drakes
  5 demonic crawlers
  A tengu conjurer (D:13)
  3 polar bears (Lair:6)
  6 trolls
  8 jumping spiders
  Prince Ribbit (D:7)
  4 hornets (Lair:6)
  7 slime creatures
  A wind drake (Lair:6)
  3 tyrant leeches
  6 hippogriffs
  6 blink frogs (Lair:6)
  6 dream sheep (Lair:5)
  A spriggan (D:7)
  34 redbacks
  10 tarantellas
  A wyvern (D:8)
  48 yaks
  Sigmund (D:3)
  A wraith (D:10)
  2 hungry ghosts
  A basilisk (Lair:2)
  7 vampire mosquitoes
  4 steam dragons (Lair:6)
  2 soldier ants (Lair:2)
  2 wargs (Orc:1)
  15 water moccasins
  6 porcupines
  Duvessa (D:7)
  2 black bears
  2 sky beasts
  An eye of draining (D:10)
  32 orc warriors
  2 phantoms (D:8)
  2 ice beasts
  10 wolves (Lair:1)
  11 ogres
  10 centaurs
  11 crocodiles
  12 bullfrogs
  3 big kobolds
  3 earth elementals
  A wyvern skeleton (D:9)
  Dowan (D:7)
  3 scorpions
  5 killer bees (D:10)
  9 wights
  2 howler monkeys
  8 crimson imps
  A quasit (D:7)
  11 hounds
  2 bullfrog zombies
  5 jellies
  32 orc priests
  6 bullfrog skeletons
  2 centaur skeletons
  4 iguanas
  45 orc wizards
  3 polar bear simulacra (D:10)
  21 worker ants
  4 wolf simulacra (D:10)
  3 yak simulacra (D:10)
  A worker ant zombie (D:11)
  3 adders
  4 oozes
  An adder zombie (D:9)
  An adder skeleton (D:7)
  5 dart slugs
  5 worms
  6 leopard geckos
  111 orcs
  3 giant cockroaches
  4 goblins
  6 hobgoblins
  10 jackals
  2 quokkas
  4 bats
  3 frilled lizards
  A jackal skeleton (D:4)
  24 kobolds
  A leopard gecko zombie (D:5)
  5 rats
  A river rat simulacrum (D:10)
  A plant (Lair:2)
788 creatures vanquished.

Vanquished Creatures (collateral kills)
  The ghost of garrulousMonolith the Severer, a journeyman HOFi of Beogh (D:12)
  A spark wasp (Spider:1)
  2 hydras
  An orc sorcerer (Orc:2)
  3 wolf spiders
  2 salamanders (Volcano)
  A merfolk siren (Lair:2)
  A spiny frog (Lair:3)
  A kobold demonologist (D:12)
  A rime drake (Lair:6)
  2 demonic crawlers
  2 jumping spiders (Spider:2)
  2 merfolk (Lair:2)
  A tyrant leech (Spider:2)
  A hippogriff (D:12)
  3 redbacks
  6 tarantellas
  6 soldier ants (Lair:2)
  2 orc warriors
  A crocodile (Lair:2)
  A bullfrog (Lair:3)
  An earth elemental (Spider:2)
  2 wights (D:12)
  An orc wizard (Orc:2)
  10 worker ants (Lair:2)
  An orc (Orc:1)
56 creatures vanquished.

Vanquished Creatures (others)
  Nessos (D:12)
  A komodo dragon (D:11)
  An ogre (Orc:1)
  5 centaurs (D:13)
  An orc wizard (Orc:2)
  2 orcs (Orc:1)
  10 fungi
  24 plants
45 creatures vanquished.

Grand Total: 889 creatures vanquished

Notes
Turn   | Place    | Note
-------+----------+-------------------------------------------
     0 | D:1      | Danu the Barachi Berserker began the quest for the Orb.
     0 | D:1      | Reached XP level 1. HP: 18/18 MP: 1/1
   272 | D:1      | Reached XP level 2. HP: 24/25 MP: 2/2
  1316 | D:2      | Reached XP level 3. HP: 26/30 MP: 3/3
  1319 | D:2      | Reached skill level 4 in Fighting
  1466 | D:2      | Reached ** piety under Trog
  1993 | D:3      | Noticed Sigmund
  2005 | D:3      | Reached XP level 4. HP: 36/38 MP: 4/4
  2025 | D:3      | Killed Sigmund
  2025 | D:3      | Reached skill level 6 in Fighting
  2025 | D:3      | Reached XP level 5. HP: 30/47 MP: 5/5
  2212 | D:3      | Reached skill level 7 in Fighting
  2212 | D:3      | Reached XP level 6. HP: 55/55 MP: 6/6
  2511 | D:3      | Found a hazy altar of Hepliaklqana.
  2751 | D:4      | Reached skill level 1 in Shields
  3171 | D:4      | Reached XP level 7. HP: 60/60 MP: 7/7
  3360 | D:4      | Reached skill level 5 in Shields
  3743 | D:5      | Entered Level 5 of the Dungeon
  3788 | D:5      | Reached *** piety under Trog
  3858 | D:5      | Found Xeudiupe's Antique Weapon Boutique.
  3868 | D:5      | Reached skill level 5 in Maces & Flails
  4038 | D:5      | Bought a runed great mace for 199 gold pieces
  4079 | D:5      | Found a staircase to the Ecumenical Temple.
  4267 | D:6      | Reached XP level 8. HP: 60/67 MP: 8/8
  4563 | D:6      | Found a blossoming altar of Fedhas.
  4648 | D:6      | Found a burning altar of Makhleb.
  4708 | D:6      | Found Deit's Antique Armour Shop.
  4849 | D:7      | Found a sparkling altar of Nemelex Xobeh.
  4873 | D:7      | Noticed a spriggan baker
  4878 | D:7      | Killed a spriggan baker
  4910 | D:7      | Noticed a hippogriff
  4918 | D:7      | Killed a hippogriff
  4918 | D:7      | Reached XP level 9. HP: 68/72 MP: 9/9
  4931 | D:7      | Noticed Dowan
  4932 | D:7      | Reached **** piety under Trog
  4932 | D:7      | Noticed Duvessa
  4950 | D:7      | Killed Duvessa
  4950 | D:7      | Reached skill level 10 in Maces & Flails
  4960 | D:7      | Killed Dowan
  5228 | D:7      | Noticed Prince Ribbit
  5250 | D:7      | Killed Prince Ribbit
  5545 | D:8      | Reached XP level 10. HP: 66/79 MP: 10/10
  5614 | D:8      | Found an opulent altar of Gozag.
  5617 | D:8      | Found a white marble altar of Elyvilon.
  5624 | D:8      | Found a snail-covered altar of Cheibriados.
  5634 | D:8      | Noticed a two-headed ogre
  5645 | D:8      | Killed a two-headed ogre
  6279 | D:8      | Reached ***** piety under Trog
  6321 | D:8      | Found a roughly hewn altar of Beogh.
  6435 | D:9      | Found an opulent altar of Gozag.
  6573 | D:9      | Reached skill level 8 in Fighting
  6767 | D:9      | Reached skill level 9 in Fighting
  6931 | D:9      | Noticed a two-headed ogre
  6950 | D:9      | Killed a two-headed ogre
  6950 | D:9      | Reached skill level 10 in Fighting
  6950 | D:9      | Reached XP level 11. HP: 41/92 MP: 11/11
  6975 | D:9      | Identified the +5 scale mail "Jogg" {*Slow rC+++ MP+9
                  | Int+7}
  7282 | D:9      | Killed an unseen horror
  7282 | D:9      | Reached skill level 11 in Fighting
  7376 | D:9      | Found a glowing silver altar of Zin.
  7730 | D:10     | Entered Level 10 of the Dungeon
  7782 | D:10     | Noticed a necromancer
  7791 | D:10     | Killed a necromancer
  7820 | D:10     | Received a gift from Trog
  8009 | D:10     | Reached skill level 12 in Fighting
  8291 | D:10     | Reached skill level 13 in Fighting
  8977 | D:11     | Noticed a two-headed ogre
  8988 | D:11     | Killed a two-headed ogre
  9040 | D:11     | Reached skill level 14 in Fighting
  9199 | D:11     | Noticed a white ugly thing
  9210 | D:11     | Killed a white ugly thing
  9268 | D:11     | Noticed Maurice
  9282 | D:11     | Killed Maurice
  9314 | D:11     | Noticed Fannar
  9334 | D:11     | Killed Fannar
  9334 | D:11     | Reached XP level 12. HP: 108/108 MP: 7/12
  9415 | D:11     | Noticed a two-headed ogre
  9426 | D:11     | Killed a two-headed ogre
  9426 | D:11     | Reached skill level 15 in Fighting
  9598 | D:11     | Found a staircase to the Lair.
  9661 | D:11     | Received a gift from Trog
  9839 | D:11     | Found a flickering gateway to a bazaar.
  9849 | Bazaar   | Entered a bazaar
  9862 | Bazaar   | Found Kebity's Antique Weapon Emporium.
  9867 | Bazaar   | Bought a shimmering hand crossbow for 178 gold pieces
  9870 | Bazaar   | Identified the cursed +0 hand crossbow of Wariness {flame,
                  | -Tele rC++} (You bought it in a shop in a bazaar)
  9879 | Bazaar   | Found Dekkex's Antique Weapon Shoppe.
  9894 | Bazaar   | Found Bathot Ditab's Antique Armour Shoppe.
  9899 | Bazaar   | Bought a warped ring mail for 225 gold pieces
  9911 | Bazaar   | Identified the +3 ring mail "Heedud" {rF+ Int+2} (You
                  | bought it in a shop in a bazaar)
  9925 | Bazaar   | Found Pestyimo's Antique Armour Emporium.
 10020 | Lair:1   | Entered Level 1 of the Lair of Beasts
 10116 | Lair:1   | Reached skill level 16 in Fighting
 11070 | Lair:1   | Found a transporter.
 11070 | Lair:1   | Found a transporter.
 11072 | Lair:1   | Identified the +8 spear of Chaos {antimagic, Str+5 Dex+3}
 11072 | Lair:1   | Noticed a spriggan rider
 11077 | Lair:1   | Found a bloodstained altar of Trog.
 11077 | Lair:1   | Identified the +7 spear of Ambiguity {distort, rF+ Str+2
                  | SInv}
 11077 | Lair:1   | Noticed a spriggan rider
 11078 | Lair:1   | Noticed howech's ghost (journeyman DDFi)
 11473 | Lair:2   | Reached skill level 10 in Shields
 11504 | Lair:2   | Found a staircase to the Shoals.
 11529 | Lair:2   | Gained mutation: You can hop long distances. [Barachi
                  | growth]
 11529 | Lair:2   | Reached XP level 13. HP: 58/117 MP: 7/13
 12221 | Lair:2   | Received a gift from Trog
 12904 | Lair:3   | Found a dark tunnel.
 12929 | Volcano  | Entered a volcano
 12953 | Volcano  | Found a burning altar of Makhleb.
 12954 | Volcano  | Noticed a red draconian
 14025 | Lair:4   | Noticed Rupert
 14068 | Lair:4   | Killed Rupert
 14373 | Lair:4   | Found a hole to the Spider Nest.
 15600 | Lair:5   | Found a runed translucent door.
 15600 | Lair:5   | Found a viscous altar of Jiyva.
 15601 | Lair:5   | Found a staircase to the Slime Pits.
 16227 | Lair:5   | Reached skill level 15 in Shields
 16233 | Lair:5   | Reached XP level 14. HP: 105/125 MP: 14/14
 16461 | Lair:5   | Reached skill level 5 in Dodging
 16752 | Lair:6   | Entered Level 6 of the Lair of Beasts
 17405 | Lair:6   | Received a gift from Trog
 18848 | Lair:6   | Reached skill level 10 in Dodging
 19027 | Lair:6   | Found the +15 Maxwell's patent armour {-Cast -Tele rElec
                  | MR+ rCorr}
 19958 | Slime:1  | Entered Level 1 of the Pits of Slime
 19958 | Slime:1  | Noticed an acid blob
 19972 | Slime:1  | Killed an acid blob
 20168 | Slime:1  | Gained mutation: You occasionally shout uncontrollably at
                  | your foes. [a shining eye]
 20171 | Slime:1  | Gained mutation: Your spells are a little easier to cast,
                  | but a little less powerful. [a shining eye]
 20174 | Slime:1  | Gained mutation: Scrolls take you a little longer to read.
                  | [a shining eye]
 20175 | Slime:1  | Gained mutation: You tend to lose your temper in combat. [a
                  | shining eye]
 20181 | Slime:1  | Gained mutation: You are weak. (Str -2) [a shining eye]
 20184 | Slime:1  | Gained mutation: You are dopey. (Int -2) [a shining eye]
 20185 | Slime:1  | Reached XP level 15. HP: 121/131 MP: 15/15
 20188 | Slime:1  | Gained mutation: You often lose your temper in combat. [a
                  | shining eye]
 20192 | Slime:1  | Gained mutation: You sometimes yell uncontrollably at your
                  | foes. [a shining eye]
 20200 | Slime:1  | Gained mutation: Armour fits poorly on your strangely
                  | shaped body. [a shining eye]
 20201 | Slime:1  | Noticed an acid blob
 20202 | Slime:1  | Gained mutation: You are very weak. (Str -4) [a shining
                  | eye]
 20203 | Slime:1  | Gained mutation: You are clumsy. (Dex -2) [a shining eye]
 20223 | Slime:1  | Gained mutation: You are very dopey. (Int -4) [a shining
                  | eye]
 20230 | Slime:1  | Gained mutation: Your magical capacity is low. (-10% MP) [a
                  | shining eye]
 20454 | Spider:1 | Entered Level 1 of the Spider Nest
 20504 | Spider:1 | Received a gift from Trog
 21248 | Lair:4   | Upgraded the game from 0.24-a0-48-g0ecae65 to
                  | 0.24-a0-67-ga78bd38
 21534 | D:12     | Reached skill level 1 in Evocations
 21629 | D:12     | Found a runed translucent door.
 21629 | D:12     | Found a shimmering altar of Xom.
 21629 | D:12     | Noticed garrulousMonolith's ghost (journeyman HOFi)
 21703 | D:12     | Noticed Nessos
 21727 | D:12     | Killed Nessos
 22037 | D:12     | Found a staircase to the Orcish Mines.
 22050 | Orc:1    | Entered Level 1 of the Orcish Mines
 22088 | Orc:1    | Gained mutation: You have an uncontrollable temper. [a
                  | neqoxec]
 22477 | D:12     | Killed garrulousMonolith's ghost
 22477 | D:12     | Reached skill level 5 in Evocations
 23084 | Orc:2    | Entered Level 2 of the Orcish Mines
 23304 | Orc:1    | Received a gift from Trog
 24202 | Orc:2    | Received a gift from Trog
 24406 | Orc:2    | Found a staircase to the Elven Halls.
 24644 | Orc:2    | Found Oloff's Magic Scroll Shoppe.
 24644 | Orc:2    | Found Ekhlaj's Book Emporium.
 24644 | Orc:2    | Found Ary Idubli's Antique Armour Emporium.
 24649 | Orc:2    | Found Goox Xishre's Antique Armour Shoppe.
 24659 | Orc:2    | Bought a crystal plate armour for 1840 gold pieces
 25554 | D:13     | Reached skill level 10 in Evocations
 25832 | D:13     | Found an opulent altar of Gozag.
 25837 | D:13     | Found Mutyguno's Distillery.
 26111 | D:13     | Reached XP level 16. HP: 90/138 MP: 21/21
 26129 | D:13     | Received a gift from Trog
 26219 | D:13     | Found a gate to the Vaults.
 27639 | Spider:2 | Got a brightly glowing leather armour
 27700 | Spider:1 | Identified the +0 leather armour of the Big Bang {Str+3}
                  | (You found it on level 2 of the Spider Nest)
 28169 | Spider:3 | Noticed Arachne
 28553 | Spider:2 | Received a gift from Trog
 28892 | Spider:2 | Reached skill level 5 in Armour
 29141 | Spider:2 | HP: 4/138 [emperor scorpion (7)]
 29894 | Spider:3 | Mangled by a wolf spider

Vault maps used:
D:1:      psy_arrival_spokes
D:3:      lemuel_tele_altar, uniq_sigmund
D:4:      first_ration
D:5:      minmay_temple_entry_statues_pillars, minmay_shop_grid_forest
D:6:      kennysheep_mini_moat, bloody_makhleb, serial_glass, glass_columns_a,
          glass_columns_c, serial_shops, shop, grunt_decor_mini_mirrors
D:7:      basic_altar, the_bakery, uniq_prince_ribbit1, uniq_duvessa
D:8:      grunt_temple_overflow_diamond, special_room, minmay_joined_circles
D:9:      zin_scriptorium, grunt_gozag_statues
D:10:     eino_house_with_fridge
D:11:     david_lair_shrubbed, serial_shops, freezing_bzr, uniq_fannar,
          uniq_maurice
D:12:     david_orc_4, ebering_ghost_xom, grunt_decor_cap, uniq_nessos
D:13:     grunt_vaults_entry_fortified, serial_shops, shop, basic_altar
Lair:1:   beast_lair_carwin_large_3, gammafunk_ghost_wrathful_warriors,
          grunt_megastairs_5
Lair:2:   elwin_shoals_entry_stream, zaba_antful_of_joy, serial_bayou_shore_a,
          minmay_lair_oklob_chamber
Lair:3:   nicolae_volcano_entry_hallway, grunt_megastairs_2
Lair:4:   cheibrodos_lair_river_kwai, dummy_spider_entry, serial_bayou_crossing,
          uniq_rupert
Lair:5:   slime_altar_2
Lair:6:   gammafunk_lair_ancient_temple, bobbens_dragon_lair_wall
Spider:1: cheibrodos_forgotten_conduit
Spider:2: nicolae_spider_webbed_stairs
Spider:3: hangedman_stitches_earthworm, uniq_arachne
Orc:2:    st_orc_mages, nicolae_orc_rockfall
Bazaar:   bazaar_minmay_armour_weapon
Volcano:  kennysheep_volcano_temple

Skill      XL: |  1  2  3  4  5  6  7  8  9 10 11 12 13 14 15 16 |
---------------+-------------------------------------------------+-----
Fighting       | 4 6 7 10 14 16 | 16.0
Shields        | 4 5 10 15 | 15.0
Maces & Flails | 5 9 12 14 | 14.0
Dodging        | 12 13 | 13.0
Evocations     | 11 13 | 13.0
Armour         | 5 |  5.8

Action                   |  1- 3 |  4- 6 |  7- 9 | 10-12 | 13-15 | 16-18 || total
-------------------------+-------+-------+-------+-------+-------+-------++-------
Melee: Mace              |   134 |    52 |       |       |       |       ||   186
       Flail             |       |    75 |    74 |       |       |       ||   149
       Great mace        |       |       |   180 |   233 |       |       ||   413
       Eveningstar       |       |       |       |   234 |       |       ||   234
       Morningstar       |       |       |       |   229 |    95 |       ||   324
       Demon whip        |       |       |       |       |  1732 |   380 ||  2112
Throw: Javelin           |       |       |       |       |     1 |       ||     1
Invok: Berserk           |     1 |     4 |     5 |     8 |    13 |     4 ||    35
       Trog's Hand       |       |       |     1 |     2 |     3 |       ||     6
       Brothers in Arms  |       |       |       |     1 |    16 |     6 ||    23
 Abil: Hop               |       |     1 |     1 |     2 |     8 |     4 ||    16
Evoke: Wand              |       |       |       |       |     4 |       ||     4
       Fan of gales      |       |       |       |       |       |     1 ||     1
  Use: Scroll            |     7 |     1 |     4 |     6 |    19 |     3 ||    40
       Potion            |       |       |       |       |     2 |     7 ||     9
 Stab: Sleeping          |     2 |       |       |       |       |       ||     2
       Distracted        |       |       |       |       |     2 |     1 ||     3
       Invisible         |       |       |       |       |     1 |       ||     1
  Eat: Chunk             |     4 |     5 |    14 |    14 |    39 |     5 ||    81
       Ration            |       |     1 |       |     6 |     9 |     4 ||    20
Armor: Ring mail         |    22 |       |       |       |    10 |       ||    32
       Animal skin       |     1 |       |       |       |       |       ||     1
       Scale mail        |    41 |    37 |   146 |   245 |   133 |       ||   602
       Plate armour      |       |       |       |       |   420 |    20 ||   440
       Crystal plate arm |       |       |       |       |    27 |       ||    27
       Leather armour    |       |       |       |       |       |    49 ||    49
Dodge: Dodged            |    72 |    38 |   175 |   254 |   387 |   224 ||  1150
Block: Buckler           |    13 |    15 |    19 |   158 |   269 |       ||   474
       Other             |       |       |       |    42 |       |       ||    42
       Reflection        |       |       |       |     7 |    68 |     2 ||    77
       Shield            |       |       |       |       |   780 |   351 ||  1131

Table legend:
 A = Non-vault XP
 B = Vault XP
 C = Vault XP percentage of total XP
 D = Non-vault monster count
 E = Vault monster count
 F = Vault count percentage of total count
                 A         B        C        D         E       F
            +---------+---------+-------+---------+---------+-------
      Total |   96026 |   57813 |  37.6 |     600 |     253 |  29.7
            +---------+---------+-------+---------+---------+-------
        D:1 |      30 |       0 |   0.0 |      16 |       0 |   0.0
        D:2 |      50 |       0 |   0.0 |      18 |       0 |   0.0
        D:3 |      68 |     197 |  74.3 |      12 |       1 |   7.7
        D:4 |     604 |       0 |   0.0 |      27 |       0 |   0.0
        D:5 |     233 |       0 |   0.0 |      11 |       0 |   0.0
        D:6 |     340 |       0 |   0.0 |      11 |       0 |   0.0
        D:7 |    1649 |     725 |  30.5 |      28 |       4 |  12.5
        D:8 |    2408 |     730 |  23.3 |      32 |      24 |  42.9
        D:9 |    3671 |       0 |   0.0 |      37 |       0 |   0.0
       D:10 |    3802 |     924 |  19.6 |      38 |      12 |  24.0
       D:11 |    4510 |    1434 |  24.1 |      21 |       3 |  12.5
       D:12 |    7183 |    4115 |  36.4 |      44 |      18 |  29.0
       D:13 |   11640 |    7095 |  37.9 |      42 |      10 |  19.2
     Lair:1 |    5503 |    3200 |  36.8 |      30 |      21 |  41.2
     Lair:2 |     846 |    4135 |  83.0 |       4 |      36 |  90.0
     Lair:3 |    1368 |    1088 |  44.3 |      10 |       2 |  16.7
     Lair:4 |    3698 |    5541 |  60.0 |      15 |       7 |  31.8
     Lair:5 |   10420 |     103 |   1.0 |      21 |       5 |  19.2
     Lair:6 |    6450 |   15474 |  70.6 |      23 |      44 |  65.7
   Spider:1 |    3583 |    3215 |  47.3 |      14 |       8 |  36.4
   Spider:2 |   13465 |    2264 |  14.4 |      56 |       6 |   9.7
   Spider:3 |    1168 |     645 |  35.6 |       2 |       3 |  60.0
    Slime:1 |    6489 |       0 |   0.0 |       8 |       0 |   0.0
      Orc:1 |    5568 |    1646 |  22.8 |      63 |      23 |  26.7
      Orc:2 |    1280 |    3374 |  72.5 |      17 |      22 |  56.4
    Volcano |       0 |    1908 | 100.0 |       0 |       4 | 100.0
            +---------+---------+-------+---------+---------+-------
